 Dungeon Crawl Stone Soup version 0.30-a0-965-g42e074c17a (webtiles) character file.

Game seed: 2464602292356184152

2429 dredge the Carver (level 9, -1/71 HPs)
             Began as a Human Berserker on Mar 31, 2023.
             Was an Elder of Trog.
             Slain by a yak (10 damage)
             ... on level 7 of the Dungeon.
             The game lasted 00:14:02 (5340 turns).

dredge the Carver (Human Berserker)                 Turns: 5340, Time: 00:14:03

Health: -1/71      AC: 14    Str: 22    XL:     9   Next: 77%
Magic:  18/18      EV:  9    Int:  7    God:    Trog [****..]
Gold:   335        SH:  0    Dex: 19    Spells: 8/8 levels left

rFire   . . .      SeeInvis .    y - +0 scimitar
rCold   . . .      Faith    .    (no shield)
rNeg    . . .      Spirit   .    C - +0 chain mail
rPois   .          Reflect  .    (no helmet)
rElec   .          Rampage  .    h - +0 cloak
rCorr   .                        l - +0 pair of gloves
Will    .....                    q - +0 pair of boots Stlth
                                 (no amulet)
HPRegen 0.31/turn                i - +6 ring of dexterity
MPRegen 0.16/turn                j - ring of magical power

@: on berserk cooldown, slowed, very slow
A: no striking features
a: Renounce Religion, Berserk, Trog's Hand, Brothers in Arms


You were on level 7 of the Dungeon.
You worshipped Trog.
Trog was greatly pleased with you.
You visited 1 branch of the dungeon, and saw 7 of its levels.

You collected 335 gold pieces.

Inventory:

Hand Weapons
 y - a +0 scimitar (weapon)
Missiles
 a - 2 atropa-tipped darts
 r - 8 poisoned darts (quivered)
 u - 6 silver boomerangs
Armour
 h - a +0 cloak (worn)
 l - a +0 pair of gloves (worn)
 q - a +0 pair of boots (worn)
 C - a +0 chain mail (worn)
Jewellery
 i - a +6 ring of dexterity (left hand)
 j - a ring of magical power (right hand)
 w - a +6 ring of intelligence
Wands
 v - a wand of roots (7)
 E - a wand of quicksilver (6)
Scrolls
 b - a scroll of enchant weapon {unknown}
 c - 2 scrolls of immolation {unknown}
 d - a scroll of blinking {unknown}
 e - 2 scrolls of enchant armour
 k - 3 scrolls of poison
 m - a scroll of magic mapping {unknown}
 o - 3 scrolls of teleportation {unknown}
 x - 3 scrolls of amnesia {unknown}
 A - 2 scrolls of fog {unknown}
 B - a scroll of identify
 D - 2 scrolls of fear {unknown}
Potions
 f - 5 potions of curing
 g - 3 potions of degeneration
 p - a potion of brilliance {unknown}
 s - 2 potions of berserk rage
 t - a potion of magic {unknown}
 z - a potion of lignification {unknown}


   Skills:
 + Level 6.7 Fighting
 + Level 9.4 Long Blades
 + Level 6.3 Armour
 + Level 2.5 Dodging
 + Level 0.4 Stealth


You had 8 spell levels left.
You didn't know any spells.
Your spell library contained the following spells:

 Spells                   Type           Power      Damage    Failure   Level
 Freeze                   Ice            0%         1d3       98%         1
 Kiss of Death            Conj/Necr      0%         2d5       98%         1
 Shock                    Conj/Air       0%         1d3       98%         1
 Portal Projectile        Hex/Tloc       0%         N/A       100%        3
 Tukima's Dance           Hex            0%         N/A       100%        3
 Vhi's Electric Charge    Tloc/Air       0%         N/A       100%        3
 Passage of Golubria      Tloc           0%         N/A       100%        4
 Arcjolt                  Conj/Air       0%         1d10      100%        5
 Blade Hands              Tmut           0%         N/A       100%        5
 Yara's Violent Unravell  Hex/Tmut       0%         3d3       100%        5
 Malign Gateway           Summ/Tloc      0%         N/A       100%        7
 Maxwell's Capacitive Co  Air            0%         ∞         100%        8
 Summon Horrible Things   Summ           0%         N/A       100%        8


Dungeon Overview and Level Annotations

Branches:
Dungeon (7/15)             Temple (0/1) D:4

Altars:
Elyvilon
Xom


Message History

You hit the yak but do no damage.
The yak is almost dead.
The yak gores you but does no damage. The yak closely misses you.
You hit the yak but do no damage.
The yak is almost dead.
The yak gores you. The yak gores you but does no damage.
You hit the yak but do no damage.
The yak is almost dead.
The yak closely misses you.
The yak gores you but does no damage. x2
The yak gores you!
* * * LOW HITPOINT WARNING * * *
You feel much better. The yak gores you! The yak gores you.
You hit the yak.
The yak is almost dead.
The yak barely misses you.
The yak gores you but does no damage. x3
You slash the yak!
You kill the yak!
Trog accepts your kill.
You can now call in reinforcements.
The orc jeers repeatedly.
The yak gores you but does no damage.
You hit the yak but do no damage. The orc hits you with a +0 flail.
The yak gores you.
* * * LOW HITPOINT WARNING * * *
You hit the yak. Your punch misses the yak.
The yak is lightly wounded.
The orc barely misses you. The yak gores you.
* * * LOW HITPOINT WARNING * * *
The yak closely misses you. The orc barely misses you.
You hit the yak.
The yak is moderately wounded.
The orc hits you with a +0 flail.
* * * LOW HITPOINT WARNING * * *
The yak gores you but does no damage.
You barely miss the yak.
The yak is moderately wounded.
The orc hits you but does no damage. The yak gores you but does no damage.
You barely miss the yak.
The yak is moderately wounded.
The orc barely misses you. The yak gores you!
You die...

#..#..# #..####..# #.##.## #
#..#..# #..####..#####.##.# ####
#..#..# #.................# #...
#.....##########..############.##
##.#..............### #.....#
#.#..#####.........## #.##..##
#.#..... #.###......#####.##....
#.##.###.#.##..#.#........###.##
#. #..<.......†@Y..........##.##
#. #..##.##.#+#o#########+......
#. #..##.#..#


##h.YYYYY #..#.## #.......## .###.## #.##.# ##... ##D# #h #.##.# #...# ##.
..##.# #... Y.o #.###.# #..# ... .. #.## .##.# #.. You could see a yak, an acid
dragon, a sky beast, a howler monkey and an orc.

Vanquished Creatures
  5 yaks (D:7)
  Menkaure (D:5)
  An ice beast (D:6)
  2 black bears
  A sky beast (D:6)
  2 ogres
  A centaur (D:5)
  3 bullfrogs
  3 scorpions
  A howler monkey (D:4)
  2 sleepcaps (D:5)
  3 hounds
  4 orc priests
  A gnoll bouda (D:6)
  An iguana (D:6)
  An orc wizard (D:6)
  7 adders
  4 gnolls (D:6)
  2 shadow imps (D:5)
  A white imp (D:6)
  4 worms
  A dart slug (D:3)
  17 orcs
  7 ball pythons
  3 bats (D:2)
  5 endoplasms
  3 giant cockroaches
  8 goblins
  3 hobgoblins
  4 jackals (D:3)
  5 quokkas
  2 frilled lizards
  3 kobolds
  A rat (D:1)
112 creatures vanquished.

Notes
Turn   | Place    | Note
-------+----------+-------------------------------------------
     0 | D:1      | dredge the Human Berserker began the quest for the Orb.
     0 | D:1      | Reached XP level 1. HP: 18/18 MP: 1/1
   188 | D:1      | Reached XP level 2. HP: 24/24 MP: 2/2
   756 | D:2      | Reached XP level 3. HP: 27/29 MP: 3/3
   818 | D:2      | Found a faded altar of an unknown god.
  1007 | D:2      | Reached ** piety under Trog
  1313 | D:3      | Noticed a black bear
  1322 | D:3      | Reached skill level 4 in Long Blades
  1322 | D:3      | Reached XP level 4. HP: 36/36 MP: 4/4
  1333 | D:3      | Killed a black bear
  1334 | D:3      | Reached XP level 5. HP: 42/42 MP: 5/5
  2049 | D:3      | Reached XP level 6. HP: 40/49 MP: 6/6
  2354 | D:4      | Reached skill level 5 in Long Blades
  2358 | D:4      | Got A Tutorial on Mysticism
  2437 | D:4      | Found a staircase to the Ecumenical Temple.
  2688 | D:4      | Reached *** piety under Trog
  2810 | D:4      | Reached XP level 7. HP: 48/55 MP: 7/7
  3157 | D:5      | Entered Level 5 of the Dungeon
  3391 | D:5      | Reached skill level 6 in Long Blades
  3592 | D:5      | Reached skill level 5 in Fighting
  3900 | D:5      | Found a white marble altar of Elyvilon.
  3901 | D:5      | Found a shimmering altar of Xom.
  3938 | D:5      | Noticed Menkaure
  3944 | D:5      | Killed Menkaure
  3945 | D:5      | Reached XP level 8. HP: 59/62 MP: 8/8
  4148 | D:6      | Reached skill level 7 in Long Blades
  4148 | D:6      | Reached skill level 5 in Armour
  4306 | D:6      | Reached XP level 9. HP: 50/69 MP: 9/9
  4478 | D:6      | Reached skill level 8 in Long Blades
  5315 | D:7      | Reached skill level 9 in Long Blades
  5335 | D:7      | Reached **** piety under Trog
  5340 | D:7      | Slain by a yak

Illustrated notes

Levels and vault maps discovered:
D:1:      heliophobic_arrival_enchanted_forest, layout_loops_ring,
          grunt_decor_one_mirror
D:2:      layout_loops_ring, ebering_ecumenical_altar_mist, st_stairs_2
D:3:      layout_loops_cross, serial_co_window_serial, co_window_corner_a,
          co_window_paths_b, co_window_paths_a, co_window_corner_a,
          co_window_of_opportunity_a, co_window_paths_a, co_window_corner_b,
          co_window_unsneaky_path_c, co_window_2corner, co_window_2corner,
          co_window_broadway_a, co_window_corner_ca, co_window_unsneaky_path_b,
          co_window_paths_d, glass_columns_a, glass_columns_b, glass_columns_b
D:4:      layout_loops_ring, minmay_temple_entry_arrows
D:5:      layout_cave_pools, mainiacjoe_overflow_divided_tiny, uniq_menkaure
D:6:      layout_loops_ring
D:7:      minmay_the_grid_triangle_9x9_rhombus_thin
          [minmay_the_grid_triangle_9x9_sparse_checkered,
          minmay_the_grid_triangle_9x9_prize_center,
          minmay_the_grid_triangle_9x9_warning,
          minmay_the_grid_triangle_9x9_empty], layout_loops_ring,
          grunt_ogre_cave

Skill      XL: |  1  2  3  4  5  6  7  8  9 |
---------------+----------------------------+-----
Long Blades    | 4 5 6 7 9 |  9.4
Fighting       | 4 5 6 |  6.7
Armour         | 3 4 5 6 |  6.3
Dodging        | |  2.5
Stealth        | |  0.4

Action                     |  1- 3 |  4- 6 |  7- 9 || total
---------------------------+-------+-------+-------++-------
  Melee: Falchion          |    91 |   154 |    39 ||   284
         Punch             |     2 |     3 |     3 ||     8
         Scimitar          |       |       |   197 ||   197
 Invoke: Berserk           |     1 |       |     2 ||     3
    Use: Scroll            |       |       |     6 ||     6
         Potion            |       |       |     3 ||     3
   Stab: Sleeping          |     1 |       |       ||     1
 Armour: Animal skin       |     5 |       |       ||     5
         Plate armour      |    66 |   109 |    79 ||   254
         Chain mail        |       |       |    49 ||    49
  Dodge: Dodged            |    28 |    52 |    75 ||   155

Table legend: (Time is in decaauts)
 A = Elapsed time spent in this place.
 B = Non-inter-level travel time spent in this place.
 C = Inter-level travel time spent in this place.
 D = Time resting spent in this place.
 E = Time spent auto-exploring this place.
 F = Levels seen in this place.
 G = Mean time per level.
                   A        B        C        D        E       F      G
               +--------+--------+--------+--------+--------+-----+--------+
         Total |   5377 |   5153 |    224 |     34 |   4097 |   7 |  768.1 |
       Dungeon |   5377 |   5153 |    224 |     34 |   4097 |   7 |  768.1 |
               +--------+--------+--------+--------+--------+-----+--------+

Top non-repeatable levels by time:
     D:6: 1071 daAuts
     D:3: 1046 daAuts
     D:5: 899 daAuts
     D:4: 844 daAuts
     D:1: 667 daAuts
     D:2: 623 daAuts
     D:7: 224 daAuts
